 Dungeon Crawl Stone Soup version 0.28.0-43-g3370ac3207 (webtiles) character file.

Game seed: 14304572622049512698

723 boopmooplesden the Chopper (level 7, -3/60 HPs)
             Began as a Minotaur Fighter on Mar 20, 2022.
             Was an Initiate of Okawaru.
             Killed by divine providence
             ... invoked by an orc priest
              (12 damage)
             ... on level 5 of the Dungeon.
             The game lasted 00:04:49 (4450 turns).

boopmooplesden the Chopper (Minotaur Fighter)       Turns: 4450, Time: 00:04:50

Health: -3/60      AC:  7    Str: 20    XL:     7   Next: 43%
Magic:  6/6        EV: 10    Int:  7    God:    Okawaru [......]
Gold:   279        SH:  5    Dex: 10    Spells: 6/6 levels left

rFire   . . .      SeeInvis +   n - +5 rapier of Omoc {vorpal, SInv}
rCold   . . .      Faith    .   c - +0 buckler
rNeg    . . .      Spirit   .   b - +0 scale mail
rPois   .          Reflect  .   (helmet restricted)
rElec   .          Harm     .   (no cloak)
rCorr   .          Rampage  .   (no gloves)
Will    .....                   (no boots)
Stlth   ..........              (no amulet)
HPRegen 0.20/turn               (no ring)
MPRegen 0.10/turn               (no ring)

@: no status effects
A: horns 2, retaliatory headbutt
a: Renounce Religion


You were on level 5 of the Dungeon.
You worshipped Okawaru.
Okawaru was noncommittal.
You visited 1 branch of the dungeon, and saw 5 of its levels.

You collected 279 gold pieces.

Inventory:

Hand Weapons
 a - a +0 war axe
 n - the +5 rapier of Omoc (weapon) {vorpal, SInv}
   (You found it on level 4 of the Dungeon)

   It inflicts extra damage upon your enemies.
   SInv:      It lets you see invisible.
Armour
 b - a +0 scale mail (worn)
 c - a +0 buckler (worn)
 k - the +1 robe of Nihilism {rF- Str+5 Int+2}
   (You found it on level 3 of the Dungeon)

   Str:       It affects your strength (+5).
   Int:       It affects your intelligence (+2).
   rF:        It makes you vulnerable to fire.
Jewellery
 m - a ring of resist corrosion
Wands
 l - a wand of iceblast (13)
Scrolls
 h - a scroll of blinking {unknown}
 i - 2 scrolls of vulnerability
 j - a scroll of fog {unknown}
Potions
 d - a potion of might
 e - a potion of lignification
 f - a potion of curing {unknown}
 g - a potion of invisibility
 o - 2 potions of attraction
 p - a potion of degeneration


   Skills:
 + Level 4.7 Fighting
 + Level 2.9 Short Blades
 + Level 5.9 Axes
 + Level 5.7 Armour
 + Level 2.8 Dodging
 + Level 0.2 Stealth
 + Level 5.1 Shields


You had 6 spell levels left.
You didn't know any spells.
Your spell library was empty.

Dungeon Overview and Level Annotations

Branches:
Dungeon (5/15)
 Temple: D:4-7

Altars:
Okawaru

Shops:
D:5 ?:


Innate Abilities, Weirdness & Mutations

You have a pair of horns on your head.
You reflexively headbutt those who attack you in melee.


Message History

The orc priest barely misses you.
The orc zaps a wand.
The puff of flame hits you! You block the orc's attack.
The orc priest closely misses you.
Unknown command.
You completely miss the orc priest.
The orc priest is heavily wounded.
You are engulfed in a cloud of scalding steam.
The orc zaps a wand.
The puff of flame hits you but does no damage.
You block the orc's attack.
The orc priest looks satisfied for a moment.
The orc zaps a wand.
The puff of flame hits you.
* * * LOW HITPOINT WARNING * * *
Okay, then.
Okay, then.
The orc priest calls down the wrath of Beogh upon you.
You struggle to resist.
Aiming: Iceblast
Press: ? - help, Shift-Dir - straight line The mass of ice explodes!
The iceblast engulfs the adder!
You kill the adder!
Okawaru accepts your kill.
The iceblast engulfs the orc!
You kill the orc!
Okawaru accepts your kill.
You hit the orc priest but do no damage.
The orc priest is heavily wounded.
The orc priest hits you with a +0 hand axe.
* * * LOW HITPOINT WARNING * * *
The orc hits you with a +0 club.
* * * LOW HITPOINT WARNING * * *
You don't know any spells.
Aiming: Iceblast
Press: ? - help, Shift-Dir - straight line The mass of ice explodes!
The iceblast engulfs the orc priest.
The orc priest is almost dead.
You hear a shout!
You hear an angry hiss.
The orc priest invokes the aid of Beogh against you.
Beogh smites you!
You die...

..#.. #.# #.. # #.#..
..# #.# # .....# ##..
#..## # ..#...+##..#
#..## # #......#...#
#..### # ....≈.....#
##...### ....≈.....#
#####.).. #.....oo.#
####.....)##
##....)@.####....###.###
####.......#.#### #.# #
#..####....#### #.# #
....# ##.#....# #.###
####. #...##.###...#
#..######..##.#...#.#
##........###........
#..........###.......
.............#....<..


You could see an orc priest and an orc.

Vanquished Creatures
  A water moccasin (D:4)
  An ogre (D:4)
  A bullfrog zombie (D:5)
  A centaur skeleton (D:4)
  A hound (D:4)
  4 orc priests
  Ijyb (D:3)
  Terence (D:3)
  2 orc wizards (D:4)
  A hound skeleton (D:4)
  6 adders
  4 gnolls (D:4)
  2 white imps (D:5)
  An ufetubus (D:4)
  An adder skeleton (D:4)
  A worm (D:2)
  A dart slug (D:3)
  19 orcs
  4 ball pythons
  8 endoplasms
  4 giant cockroaches
  4 goblins
  6 hobgoblins
  A quokka (D:3)
  5 bats
  A frilled lizard (D:2)
  6 kobolds
  4 rats
92 creatures vanquished.

Vanquished Creatures (others)
  4 plants (D:5)
4 creatures vanquished.

Grand Total: 96 creatures vanquished

Notes
Turn   | Place    | Note
-------+----------+-------------------------------------------
     0 | D:1      | boopmooplesden the Minotaur Fighter began the quest for the
                  | Orb.
     0 | D:1      | Reached XP level 1. HP: 19/19 MP: 0/0
   599 | D:1      | Reached XP level 2. HP: 27/27 MP: 1/1
  1380 | D:2      | Reached XP level 3. HP: 33/33 MP: 2/2
  1806 | D:3      | Noticed Ijyb
  1809 | D:3      | Identified the +1 robe of Nihilism {rF- Str+5 Int+2}
  1822 | D:3      | Killed Ijyb
  1823 | D:3      | Reached XP level 4. HP: 30/40 MP: 3/3
  2121 | D:3      | Noticed Terence
  2130 | D:3      | Killed Terence
  2412 | D:3      | Found a faded altar of an unknown god.
  2762 | D:4      | Reached XP level 5. HP: 47/47 MP: 4/4
  2877 | D:4      | Reached skill level 5 in Axes
  3004 | D:4      | Noticed a water moccasin
  3012 | D:4      | Killed a water moccasin
  3013 | D:4      | Reached skill level 1 in Dodging
  3013 | D:4      | Reached XP level 6. HP: 28/53 MP: 5/5
  3087 | D:4      | Identified the +5 rapier of Omoc {vorpal, SInv}
  3251 | D:4      | Reached skill level 5 in Armour
  3251 | D:4      | Reached skill level 5 in Shields
  3581 | D:4      | Reached XP level 7. HP: 29/60 MP: 6/6
  3597 | D:4      | Reached skill level 1 in Short Blades
  3870 | D:4      | Found an iron altar of Okawaru.
  3878 | D:4      | Became a worshipper of Warmaster Okawaru
  4149 | D:5      | Entered Level 5 of the Dungeon
  4254 | D:5      | Found Nilobla's Book Shoppe.
  4406 | D:5      | Found Vemnil's Magic Scroll Shoppe.
  4450 | D:5      | Killed from afar by an orc priest

Illustrated notes

Levels and vault maps discovered:
D:1:      heliophobic_arrival_dark_side_of_the_moon, layout_basic
D:2:      minmay_wonky_spiral, layout_loops_ring
D:3:      layout_basic, ebering_ecumenical_altar_hall, kennysheep_nub,
          minmay_fractal_squares_gapless_5, uniq_ijyb, uniq_terence
D:4:      layout_gridville, kennysheep_okawaru_gauntlet
D:5:      layout_rooms, tso_oasis_becter, minmay_temple_entry_large_hall,
          serial_shops, nicolae_take_the_stairs, nicolae_lakefront_shop,
          kennysheep_cluttered_room

Skill      XL: |  1  2  3  4  5  6  7 |
---------------+----------------------+-----
Fighting       | 4 |  4.7
Armour         | 4 5 |  5.7
Shields        | 4 5 |  5.1
Axes           | 3 4 5 |  5.9
Dodging        | 1 2 |  2.8
Short Blades   | 2 |  2.9
Stealth        | |  0.2

Action                   |  1- 3 |  4- 6 |  7- 9 || total
-------------------------+-------+-------+-------++-------
Melee: War axe           |    71 |    64 |       ||   135
       Headbutt          |    10 |     8 |     8 ||    26
       Rapier            |       |    27 |    38 ||    65
Evoke: Wand              |       |       |     2 ||     2
  Use: Potion            |       |     1 |       ||     1
       Scroll            |       |       |     7 ||     7
Armor: Scale mail        |    33 |    60 |    20 ||   113
Dodge: Dodged            |    30 |    57 |    23 ||   110
Block: Buckler           |    11 |    27 |    21 ||    59
